 Dungeon Crawl Stone Soup version 0.29-a0-1065-g47a6bb87d6 (webtiles) character file.

Game seed: 14295854737887626867

2838 nickcage the Bludgeoner (level 9, 0/71 HPs)
             Began as a Minotaur Abyssal Knight on Aug 18, 2022.
             Was an Elder of Lugonu.
             Slain by an unseen horror (9 damage)
             ... on level 7 of the Dungeon.
             The game lasted 00:15:17 (6989 turns).

nickcage the Bludgeoner (Minotaur Abyssal Knight)   Turns: 6989, Time: 00:15:18

Health: 0/71       AC: 13    Str: 29    XL:     9   Next: 46%
Magic:  9/9        EV:  7    Int:  7    God:    Lugonu [****..]
Gold:   396        SH:  0    Dex:  6    Spells: 8/8 levels left

rFire   . . .      SeeInvis .   s - +0 morningstar (venom)
rCold   + . .      Faith    .   (no shield)
rNeg    . . .      Spirit   .   A - +0 plate armour
rPois   +          Reflect  .   v - +0 hat
rElec   +          Harm     .   l - +1 cloak "Zuagu" {rElec Str+6 Dex-4}
rCorr   .          Rampage  .   (no gloves)
Will    .....                   (no boots)
Stlth   ..........              c - amulet of the acrobat
HPRegen 0.21/turn               i - ring of protection from cold
MPRegen 0.11/turn               x - ring of poison resistance

@: no status effects
A: horns 2, retaliatory headbutt
a: Renounce Religion, Depart the Abyss, Bend Space, Banish, Corrupt


You were on level 7 of the Dungeon.
You worshipped Lugonu.
Lugonu was greatly pleased with you.
You visited 1 branch of the dungeon, and saw 7 of its levels.
You visited the Abyss 1 time.

You collected 396 gold pieces.

Inventory:

Hand Weapons
 a - a +1 mace
 s - a +0 morningstar of venom (weapon)
Missiles
 y - 2 boomerangs (quivered)
 D - 3 throwing nets
Armour
 b - a +0 leather armour
 l - the +1 cloak "Zuagu" (worn) {rElec Str+6 Dex-4}
   (You found it on level 6 of the Dungeon)

   Str:       It affects your strength (+6).
   Dex:       It affects your dexterity (-4).
   rElec:     It insulates you from electricity.
 t - a +1 leather armour of fire resistance
 v - a +0 hat (worn)
 A - a +0 plate armour (worn)
 C - a +0 cloak
Jewellery
 c - an amulet of the acrobat (around neck)
 i - a ring of protection from cold (left hand)
 u - an amulet of magic regeneration
 w - a ring of protection from cold
 x - a ring of poison resistance (right hand)
 z - a ring of poison resistance
Wands
 k - a wand of paralysis (9)
 n - a wand of mindburst (11)
Scrolls
 e - 3 scrolls of blinking
 g - 2 scrolls of amnesia
 m - a scroll of teleportation
 E - a scroll of identify
Potions
 d - 2 potions of cancellation
 f - 5 potions of haste
 h - a potion of flight
 j - 2 potions of mutation {unknown}
 o - 2 potions of brilliance
 p - 2 potions of curing
 q - 4 potions of heal wounds
 r - a potion of magic {unknown}
 B - a potion of attraction {unknown}
 F - a potion of experience {unknown}


   Skills:
 + Level 3.6 Fighting
 + Level 15.4 Maces & Flails
 - Level 0.6 Throwing
 - Level 2.4 Armour
 - Level 1.1 Dodging
 - Level 1.7 Invocations


You had 8 spell levels left.
You didn't know any spells.
Your spell library contained the following spells:

 Spells                   Type           Power      Damage    Failure   Level
 Freeze                   Ice            0%         1d3       99%         1
 Confusing Touch          Hex            0%         N/A       100%        3
 Frozen Ramparts          Ice            0%         1d1       100%        3
 Hailstorm                Conj/Ice       0%         3d3       100%        4
 Yara's Violent Unravell  Hex/Tmut       0%         3d3       100%        5
 Enfeeble                 Hex            0%         N/A       100%        7


Dungeon Overview and Level Annotations

Branches:
Dungeon (7/15)             Temple (0/1) D:5

Altars:
Dithmenos
Fedhas
Qazlal
Uskayaw
Zin

Annotations:
D:6 1 runed translucent door, ytrimaz's ghost, novice DsTm


Innate Abilities, Weirdness & Mutations

You have a pair of horns on your head.
You reflexively headbutt those who attack you in melee.


Message History

There is an open door, spattered with blood here.
Something hits you.
A jelly comes into view.
The jelly quivers.
Something hits you. Something completely misses you.
Something hits you but does no damage. The jelly barely misses you.
Something hits you but does no damage. Something hits you but does no damage.
The jelly completely misses you. You furiously retaliate!
You headbutt the jelly! Something hits you but does no damage.
Something hits you. The jelly attacks as you move away! The jelly misses you.
You furiously retaliate!
You headbutt the jelly. Something hits you but does no damage.
Something completely misses you. Something hits you but does no damage.
Something hits you. Something hits you! Something hits you but does no damage.
You hit the jelly.
You kill the jelly!
Lugonu accepts your kill. Something hits you.
You hit something but do no damage. Something hits you but does no damage.
You closely miss something. Something hits you.
You hit something but do no damage. Your headbutt misses something.
Something hits you. Something hits you but does no damage. Something hits you.
* * * LOW HITPOINT WARNING * * *
Something hits you but does no damage. Something barely misses you.
Something misses you. Something misses you. Something hits you.
* * * LOW HITPOINT WARNING * * *
Something hits you but does no damage. Something closely misses you.
Something hits you!
* * * LOW HITPOINT WARNING * * *
You closely miss something. Something hits you!
You die...

#....##..#..### ##.# #.#.H###...
#.##.##..##.#(####..###..###....[
.........##.#.#.###'#..###.......
>........##.#.#.#.##..##........#
.........#).........###......####
.........##)#.#.#.####.......#
.........##.#.#.###..........#..
####..>..##.#)###................
.........#..###.@................
#####....'###...{..#....####.....
### #................#.## #.##..
..# #.................... .. .#
..# ##............####.### .## #
..# ##........#######.#
..####....###........#.#
........................
..###........###.##....#


There were no monsters in sight!

Vanquished Creatures
  Pikel (D:6)
  A troll (D:7)
  Prince Ribbit (D:7)
  Grinder (D:6)
  A wyvern (D:7)
  An acid dragon (D:7)
  A black bear (D:5)
  An orc warrior (D:7)
  An ice beast (D:6)
  An ogre (D:4)
  A centaur (D:6)
  A phantom (D:5)
  A bullfrog (D:7)
  2 necrophages
  A scorpion (D:4)
  2 jellies
  2 orc priests (D:6)
  6 hounds
  A gnoll bouda (D:5)
  Crazy Yiuf (D:6)
  5 iguanas
  An orc wizard (D:6)
  11 gnolls
  5 adders
  2 white imps
  An ufetubus (D:4)
  4 worms (D:2)
  4 dart slugs
  11 orcs
  4 ball pythons
  2 endoplasms
  7 goblins
  8 hobgoblins
  5 jackals (D:2)
  9 kobolds
  6 quokkas
  6 bats
  3 frilled lizards
  5 rats
127 creatures vanquished.

Vanquished Creatures (others)
  A plant (D:3)
1 creature vanquished.

Grand Total: 128 creatures vanquished

Notes
Turn   | Place    | Note
-------+----------+-------------------------------------------
     0 | Abyss:1  | nickcage the Minotaur Abyssal Knight began the quest for
                  | the Orb.
     0 | Abyss:1  | Reached XP level 1. HP: 19/19 MP: 1/1
     1 | D:1      | Escaped the Abyss
   200 | D:1      | Reached skill level 3 in Maces & Flails
   248 | D:1      | Reached XP level 2. HP: 24/26 MP: 2/2
   382 | D:1      | Found a faded altar of an unknown god.
   434 | D:1      | Reached skill level 4 in Maces & Flails
   493 | D:1      | Reached *** piety under Lugonu
   704 | D:2      | Reached XP level 3. HP: 22/31 MP: 3/3
  1139 | D:2      | Reached skill level 5 in Maces & Flails
  1292 | D:2      | Reached XP level 4. HP: 39/39 MP: 4/4
  1432 | D:3      | Found a stormy altar of Qazlal.
  1653 | D:3      | Found a blossoming altar of Fedhas.
  1719 | D:3      | Found a hide-covered altar of Uskayaw.
  2558 | D:4      | Reached skill level 6 in Maces & Flails
  2746 | D:4      | Noticed a scorpion
  2755 | D:4      | Killed a scorpion
  2756 | D:4      | Reached XP level 5. HP: 44/45 MP: 5/5
  2830 | D:4      | Noticed an ogre
  2835 | D:4      | Killed an ogre
  2836 | D:4      | Reached skill level 7 in Maces & Flails
  2836 | D:4      | Reached XP level 6. HP: 27/51 MP: 6/6
  3258 | D:5      | Entered Level 5 of the Dungeon
  3401 | D:5      | Reached skill level 8 in Maces & Flails
  3411 | D:5      | Reached **** piety under Lugonu
  3460 | D:5      | Found a shadowy altar of Dithmenos.
  3513 | D:5      | Reached skill level 9 in Maces & Flails
  3515 | D:5      | Reached XP level 7. HP: 50/57 MP: 7/7
  3734 | D:5      | Found a staircase to the Ecumenical Temple.
  4206 | D:6      | Reached skill level 10 in Maces & Flails
  4437 | D:6      | Noticed Grinder
  4897 | D:6      | Found a runed translucent door.
  4898 | D:6      | Noticed Crazy Yiuf
  4904 | D:6      | Killed Crazy Yiuf
  5031 | D:6      | Reached skill level 11 in Maces & Flails
  5080 | D:6      | Found a glowing silver altar of Zin.
  5098 | D:6      | Noticed Pikel
  5127 | D:6      | Killed Pikel
  5128 | D:6      | Reached skill level 12 in Maces & Flails
  5128 | D:6      | Reached XP level 8. HP: 50/64 MP: 8/8
  5376 | D:6      | Reached skill level 13 in Maces & Flails
  5449 | D:6      | Found a runed translucent door.
  5450 | D:6      | Noticed ytrimaz's ghost (novice DsTm)
  5616 | D:6      | Paralysed by Grinder for 2 turns
  5620 | D:6      | Killed Grinder
  5965 | D:6      | Identified the +1 cloak "Zuagu" {rElec Str+6 Dex-4}
  6124 | D:7      | Reached skill level 14 in Maces & Flails
  6124 | D:7      | Reached XP level 9. HP: 50/70 MP: 9/9
  6516 | D:7      | Noticed Prince Ribbit
  6532 | D:7      | Killed Prince Ribbit
  6646 | D:7      | Noticed a troll
  6706 | D:7      | Killed a troll
  6707 | D:7      | Reached skill level 15 in Maces & Flails
  6951 | D:7      | Noticed a two-headed ogre
  6951 | D:7      | Noticed a manticore
  6951 | D:7      | Noticed a kobold demonologist
  6989 | D:7      | Slain by an unseen horror

Illustrated notes

Levels and vault maps discovered:
D:1:      tarquinn_simple_flora_water_a, layout_basic,
          dreamdust_ecumenical_altar_statues, supply_closet_lemuel
D:2:      layout_basic, kennysheep_generic_room_9
D:3:      layout_rooms, fedhas_ov_isle_minmay, nicolae_qazlal_general_emergency,
          lemuel_tele_altar
D:4:      layout_gridville, minmay_misc_feat_more_columns
D:5:      layout_basic, mainiacjoe_overflow_brackets,
          minmay_temple_entry_water_ring, nrook_mini_backslash,
          wad_floor_pattern_untrapped
D:6:      layout_rooms, old_standard_altar, ebering_ghost_inner_flame,
          uniq_grinder, uniq_crazy_yiuf_cottage, uniq_pikel
D:7:      minmay_the_grid_triangle_9x9_recursive_2
          [minmay_the_grid_triangle_9x9_prize_insulated,
          minmay_the_grid_triangle_9x9_skeleton,
          minmay_the_grid_triangle_9x9_warning,
          minmay_the_grid_triangle_9x9_longest], layout_rooms,
          kiku_gazebo_pond_becter, serial_shops, kennysheep_mini,
          uniq_prince_ribbit1

Skill      XL: |  1  2  3  4  5  6  7  8  9 |
---------------+----------------------------+-----
Maces & Flails | 3 4 5 6 7 9 12 14 15 | 15.4
Fighting       | |  3.6
Throwing       | |  0.6
Armour         | |  2.4
Dodging        | |  1.1
Invocations    | |  1.7

Action                   |  1- 3 |  4- 6 |  7- 9 || total
-------------------------+-------+-------+-------++-------
Melee: Mace              |    77 |    26 |       ||   103
       Headbutt          |     9 |     6 |    18 ||    33
       Morningstar       |       |    70 |   168 ||   238
       Punch             |       |       |     2 ||     2
Throw: Boomerang         |       |    11 |     7 ||    18
  Use: Scroll            |       |    14 |     3 ||    17
Armor: Leather armour    |    18 |    14 |       ||    32
       Plate armour      |       |    36 |    94 ||   130
Dodge: Dodged            |    60 |    52 |    93 ||   205

Table legend: (Time is in decaauts)
 A = Elapsed time spent in this place.
 B = Non-inter-level travel time spent in this place.
 C = Inter-level travel time spent in this place.
 D = Time resting spent in this place.
 E = Time spent auto-exploring this place.
 F = Levels seen in this place.
 G = Mean time per level.
                   A        B        C        D        E       F      G
               +--------+--------+--------+--------+--------+-----+--------+
         Total |   7005 |   6810 |    195 |   1580 |   4184 |   8 |  875.6 |
       Dungeon |   7004 |   6809 |    195 |   1580 |   4184 |   7 | 1000.6 |
         Abyss |      1 |      1 |      0 |      0 |      0 |   1 |    1.0 |
               +--------+--------+--------+--------+--------+-----+--------+

Top non-repeatable levels by time:
     D:5: 1513 daAuts
     D:6: 1247 daAuts
     D:4: 1218 daAuts
     D:7: 960 daAuts
     D:2: 718 daAuts
     D:1: 703 daAuts
     D:3: 643 daAuts
 Abyss:1: 1 daAuts
